 Dungeon Crawl Stone Soup version 0.24.0-125-gc4c63601f3 (webtiles) character file.

Game seed: 15106122152163081039, levelgen mode: deterministic

13044 Lemonice the Covert (level 12, -7/66 HPs)
             Began as an Octopode Earth Elementalist on Feb 23, 2020.
             Was an Elder of Sif Muna.
             Mangled by a white ugly thing (31 damage)
             ... on level 11 of the Dungeon.
             The game lasted 01:05:43 (16873 turns).

Lemonice the Covert (Octopode Earth Elementalist)  Turns: 16873, Time: 01:05:43

Health: -7/66      AC:  4    Str:  7    XL:     12   Next: 1%
Magic:  3/22       EV: 18    Int: 21    God:    Sif Muna [****..]
Gold:   466        SH:  4    Dex: 12    Spells: 10/27 levels left

rFire    . . .     SeeInvis +   y - +1 short sword (drain)
rCold    . . .     Gourm    .   (no shield)
rNeg     . . .     Faith    .   (helmet restricted)
rPois    .         Spirit   .   q - +4 amulet of reflection
rElec    .         Reflect  +   e - ring of see invisible
rCorr    .         Harm     .   w - +1 ring of protection
MR       .....                  (no ring)
Stlth    ++++++....             (no ring)
HPRegen  0.21/turn              (no ring)
MPRegen  0.18/turn              (no ring)
                                (no ring)
                                (no ring)

@: no status effects
A: almost no armour, stealthy swim, amphibious, 8 rings, constrict 8, molten
scales 1, camouflage 1, low mp 1, weak 1, gelatinous body 1
a: Channel Magic, Forget Spell, Divine Exegesis, Renounce Religion


You were on level 11 of the Dungeon.
You worshipped Sif Muna.
Sif Muna was greatly pleased with you.
You were not hungry.

You visited 1 branch of the dungeon, and saw 11 of its levels.
You also visited: Sewer and Ossuary.

You collected 466 gold pieces.

Inventory:

Hand Weapons
 r - a +4 spear
 y - a +1 short sword of draining (weapon)
Missiles
 b - 196 stones (quivered)
 l - 3 throwing nets
Armour
 K - a +0 buckler
Magical Staves
 t - an uncursed staff of power
Jewellery
 e - a ring of see invisible (left tentacle)
 q - a +4 amulet of reflection (around mantle)
 w - a +1 ring of protection (right tentacle)
 M - an uncursed amulet of harm
Wands
 s - a wand of polymorph (6)
 z - a wand of disintegration (9)
 D - a wand of paralysis (16)
Scrolls
 a - 2 scrolls of enchant armour
 d - 3 scrolls of enchant weapon
 f - 5 scrolls of magic mapping
 g - 4 scrolls of teleportation
 k - a scroll of fear {unknown}
 m - 2 scrolls of blinking
 o - a scroll of immolation
 p - 3 scrolls of random uselessness {unknown}
 u - 4 scrolls of remove curse {unknown}
 A - a scroll of noise {unknown}
 B - a scroll of fog {unknown}
 H - 2 scrolls of vulnerability {unknown}
 I - a scroll of silence {unknown}
 J - 3 scrolls of summoning {unknown}
 L - a scroll of amnesia {unknown}
Potions
 h - a potion of agility
 j - a potion of lignification
 n - 5 potions of curing
 v - 2 potions of flight
 x - 2 potions of mutation
 C - a potion of resistance {unknown}
 E - 2 potions of cancellation
 F - 2 potions of berserk rage
 G - 2 potions of invisibility
 N - a potion of ambrosia {unknown}
Miscellaneous
 i - a phantom mirror
Comestibles
 c - 7 rations
 O - 3 chunks of flesh


   Skills:
 + Level 9.2 Dodging
 + Level 12.7 Stealth
 + Level 8.4 Spellcasting
 + Level 4.6 Transmutations
 + Level 9.5 Earth Magic
 * Level 4.7 Invocations


You had 10 spell levels left.
You knew the following spells:

 Your Spells              Type           Power        Failure   Level  Hunger
a - Sandblast             Erth           #####.       1%          1    None
b - Lee's Rapid Deconstr  Erth           #####.....   4%          5    #####..
c - Stone Arrow           Conj/Erth      ####..       3%          3    None
d - Blink                 Tloc           N/A          12%         2    None
e - Petrify               Tmut/Erth      #####...     4%          4    ###....
f - Passwall              Tmut/Erth      #####...     1%          2    None

Your spell library contained the following spells:

 Spells                   Type           Power        Failure   Level  Hunger
 Magic Dart               Conj           #...         8%          1    None
 Call Imp                 Summ           #.......     12%         2    None
 Slow                     Hex            #.......     12%         2    None
 Call Canine Familiar     Summ           #.......     22%         3    None
 Conjure Flame            Conj/Fire      #.......     22%         3    None
 Mephitic Cloud           Conj/Pois/Air  #.......     22%         3    None
 Lightning Bolt           Conj/Air       #.........   91%         5    #####..
 Malign Gateway           Summ/Tloc      #.........   100%        7    #######
 Summon Greater Demon     Summ           #.........   100%        7    #######


Dungeon Overview and Level Annotations

Branches:
Dungeon (11/15)            Temple (0/1) D:7            Lair (0/6) D:11
    Orc (0/2) D:11          Sewer (visited)         Ossuary (visited)

Altars:
Ashenzari
Elyvilon
Fedhas
Hepliaklqana
Kikubaaqudgha
Makhleb
Qazlal
Sif Muna
Xom
Yredelemnul
The Shining One

Shops:
D:9 :   D:10 [

Annotations:
D:3 exclusion: door
D:7 2 transporters, Ceapi's ghost, novice MiBe


Innate Abilities, Weirdness & Mutations

You cannot wear most types of armour.
You are very stealthy in the water. (Stealth+)
You are amphibious.
You can wear up to eight rings at the same time.
You can use your tentacles to constrict eight enemies at once.
Your skin changes colour to match your surroundings (Stealth+).
Your rubbery body absorbs attacks. (AC +1, EV +1)
You are partially covered in molten scales. (AC +2)
Your magical capacity is low. (-10% MP)
You are weak. (Str -2)


Message History

Aiming: Petrify (safe; 4% risk of failure)
Press: ? - help, Shift-Dir - straight line, f/p - white ugly thing
Aim: a white ugly thing (chance to defeat MR: 49%)
The white ugly thing resists with some effort.
The white ugly thing pecks you! The white ugly thing freezes you!!
Casting: Petrify (safe; 4% risk of failure)
Confirm with . or Enter, or press ? or * to list all spells.
Aiming: Petrify (safe; 4% risk of failure)
Press: ? - help, Shift-Dir - straight line, f/p - white ugly thing
Aim: a white ugly thing (chance to defeat MR: 49%)
The white ugly thing resists with some effort.
The white ugly thing barely misses you.
Casting: Petrify (safe; 4% risk of failure)
Confirm with . or Enter, or press ? or * to list all spells.
Aiming: Petrify (safe; 4% risk of failure)
Press: ? - help, Shift-Dir - straight line, f/p - white ugly thing
Aim: a white ugly thing (chance to defeat MR: 49%)
The white ugly thing is moving more slowly.
The white ugly thing pecks you! The white ugly thing freezes you!!
You die...

# .# #.# # .. ### #.# # ..
..# #.# # .. #.# #.# # #. #.#
#h# # #. #.# #.# # #. #.# #.#
# #.###.############.# #.# #
#.....Ou@........#.# #.# #
#####.##########.#.####.# #
#. #.#......# #O ###.#..#####
.. #......# ## ######.###..#
### ### ###......# #..#
##8###8########...÷.##.###..#
#...#...#§≈≈≈##.#.#.##...[..#


You could see a white ugly thing (petrifying) and an ogre.

Vanquished Creatures
  Josephine (D:10)
  A hydra (D:11)
  2 unseen horrors
  Joseph (D:10)
  A komodo dragon (D:10)
  3 trolls
  A hornet (D:10)
  6 wraiths
  7 yaks (D:11)
  A hungry ghost (D:10)
  3 wargs (D:11)
  A soldier ant (D:10)
  2 water moccasins
  5 orc warriors
  2 ice beasts
  2 sky beasts
  A necrophage (D:10)
  7 ogres
  6 centaurs
  A phantom (D:6)
  9 big kobolds
  2 elf zombies (Ossuary)
  5 bullfrogs
  2 gnoll sergeants
  A water moccasin skeleton (D:11)
  2 wyvern skeletons
  2 scorpions
  3 wights (D:9)
  14 killer bees
  A howler monkey (D:6)
  5 crimson imps
  3 centaur zombies
  A bullfrog zombie (D:8)
  A centaur skeleton (D:7)
  3 hounds
  A quasit (D:8)
  A human zombie (Ossuary)
  A bullfrog skeleton (D:8)
  Crazy Yiuf (D:6)
  A jelly (D:9)
  7 orc priests
  19 orc wizards
  Jessica (D:2)
  Terence (D:2)
  An iguana (D:7)
  5 worker ants
  A killer bee zombie (D:9)
  3 hound zombies
  4 mummies
  4 hound skeletons
  Robin (D:4)
  12 gnolls
  A river rat (Sewer)
  17 adders
  A shadow imp (D:6)
  4 oozes
  8 adder zombies
  7 worms
  A dart slug (D:1)
  7 leopard geckos
  45 orcs
  4 giant cockroaches
  A gnoll zombie (Ossuary)
  10 goblins
  11 hobgoblins
  4 jackals (D:5)
  5 quokkas
  8 ball pythons
  6 bats
  7 frilled lizards
  A goblin zombie (Ossuary)
  2 hobgoblin zombies (Ossuary)
  4 jackal zombies (Ossuary)
  26 kobolds
  7 kobold zombies (Ossuary)
  A leopard gecko skeleton (D:4)
  An orc zombie (Ossuary)
  A quokka skeleton (D:9)
  4 quokka zombies (Ossuary)
  10 rats
  2 rat zombies (Ossuary)
  A spectral orc (D:2)
  A plant (D:2)
380 creatures vanquished.

Vanquished Creatures (others)
  4 plants
4 creatures vanquished.

Grand Total: 384 creatures vanquished

Notes
Turn   | Place    | Note
-------+----------+-------------------------------------------
     0 | D:1      | Lemonice the Octopode Earth Elementalist began the quest
                  | for the Orb.
     0 | D:1      | Reached XP level 1. HP: 11/11 MP: 3/3
   511 | D:1      | Reached XP level 2. HP: 17/17 MP: 5/5
   521 | D:1      | Reached skill level 3 in Stealth
  1004 | D:1      | Reached XP level 3. HP: 13/21 MP: 6/6
  1476 | D:2      | Noticed Terence
  1890 | D:2      | Found a glowing golden altar of the Shining One.
  2500 | D:2      | Noticed Jessica
  2505 | D:2      | Killed Jessica
  2505 | D:2      | Reached XP level 4. HP: 22/27 MP: 5/8
  2669 | D:2      | Found a basalt altar of Yredelemnul.
  2752 | D:2      | Killed Terence
  2752 | D:2      | Reached skill level 4 in Stealth
  2752 | D:2      | Reached XP level 5. HP: 27/31 MP: 9/9
  3477 | D:3      | Found a white marble altar of Elyvilon.
  3543 | D:3      | Reached XP level 6. HP: 7/36 MP: 8/10
  3830 | D:3      | Found a shimmering blue altar of Sif Muna.
  3834 | D:3      | Became a worshipper of Sif Muna the Loreminder
  4485 | D:4      | Reached skill level 5 in Stealth
  4728 | D:4      | Learned a level 5 spell: Lee's Rapid Deconstruction
  4735 | D:4      | Noticed Robin
  4947 | D:4      | Killed Robin
  5602 | D:5      | Entered Level 5 of the Dungeon
  5662 | D:5      | Reached * piety under Sif Muna
  5724 | D:5      | Reached XP level 7. HP: 26/41 MP: 12/12
  5814 | D:5      | Reached skill level 6 in Stealth
  5831 | D:5      | Found a glowing drain.
  5884 | Sewer    | Entered a sewer
  6283 | Sewer    | Reached skill level 5 in Earth Magic
  6509 | Sewer    | Reached XP level 8. HP: 33/46 MP: 11/14
  6577 | Sewer    | Reached skill level 7 in Stealth
  6751 | Sewer    | Reached ** piety under Sif Muna
  6751 | Sewer    | Reached skill level 5 in Dodging
  7071 | D:5      | Learned a level 3 spell: Stone Arrow
  7074 | D:5      | Learned a level 2 spell: Blink
  8362 | D:6      | Gained mutation: You are weak. (Str -2) [potion of
                  | mutation]
  8362 | D:6      | Gained mutation: Your magical capacity is low. (-10% MP)
                  | [potion of mutation]
  8362 | D:6      | Gained mutation: You are partially covered in molten
                  | scales. (AC +2) [potion of mutation]
  8364 | D:6      | HP: 2/46 [centaur (2)]
  8367 | D:6      | Reached skill level 5 in Spellcasting
  8388 | D:6      | Reached skill level 8 in Stealth
  8702 | D:6      | Reached XP level 9. HP: 47/51 MP: 15/15
  9186 | D:6      | Found a runed translucent door.
  9187 | D:6      | Noticed Crazy Yiuf
  9196 | D:6      | Killed Crazy Yiuf
  9265 | D:6      | Found a shattered altar of Ashenzari.
  9282 | D:6      | Found a blossoming altar of Fedhas.
  9383 | D:7      | Learned a level 4 spell: Petrify
  9437 | D:7      | Found a stormy altar of Qazlal.
  9500 | D:7      | Reached skill level 9 in Stealth
  9770 | D:7      | You fall into a shaft and drop 2 floors!
  9771 | D:9      | Found a burning altar of Makhleb.
 10013 | D:9      | Found Uprot's Book Shoppe.
 10021 | D:9      | Found a shimmering altar of Xom.
 10025 | D:9      | Reached *** piety under Sif Muna
 10144 | D:9      | Noticed an unseen horror
 10154 | D:9      | Killed an unseen horror
 10154 | D:9      | Reached skill level 10 in Stealth
 10154 | D:9      | Reached XP level 10. HP: 37/56 MP: 13/17
 10177 | D:9      | Found an ancient bone altar of Kikubaaqudgha.
 10751 | D:8      | Found a sand-covered staircase.
 10758 | Ossuary  | Entered an ossuary
 10844 | Ossuary  | Reached **** piety under Sif Muna
 11368 | D:8      | Reached skill level 11 in Stealth
 11727 | D:8      | Found a hazy altar of Hepliaklqana.
 11902 | D:7      | Found a staircase to the Ecumenical Temple.
 12266 | D:7      | Learned a level 2 spell: Passwall
 12478 | D:7      | Found a transporter.
 12637 | D:7      | Found a transporter.
 12642 | D:7      | Noticed a moth of wrath
 12666 | D:7      | Noticed Ceapi's ghost (novice MiBe)
 13302 | D:10     | Entered Level 10 of the Dungeon
 13391 | D:10     | Noticed Josephine
 13403 | D:10     | Killed Josephine
 13403 | D:10     | Reached XP level 11. HP: 41/61 MP: 2/20
 13640 | D:10     | Noticed Joseph
 13654 | D:10     | Killed Joseph
 13845 | D:10     | Reached skill level 12 in Stealth
 14124 | D:10     | Reached skill level 1 in Invocations
 14128 | D:10     | Reached ***** piety under Sif Muna
 14327 | D:10     | Identified Sif Muna's Almanac of a Million Nights (Sif Muna
                  | gifted it to you on level 10 of the Dungeon)
 14327 | D:10     | Received a gift from Sif Muna
 15096 | D:10     | Found Harphemiuho's Antique Armour Boutique.
 15452 | D:11     | Noticed an unseen horror
 15452 | D:11     | Noticed a seven-headed hydra
 15455 | D:11     | Killed an unseen horror
 15466 | D:11     | Killed a seven-headed hydra
 16129 | D:11     | Found a staircase to the Orcish Mines.
 16381 | D:11     | Found a staircase to the Lair.
 16473 | D:11     | Noticed a white ugly thing
 16665 | D:11     | Reached XP level 12. HP: 27/66 MP: 2/22
 16873 | D:11     | Mangled by a white ugly thing

Levels and vault maps discovered:
D:1:      dpeg_arrival_castle, layout_basic, serial_forest,
          infiniplex_forest_end_2, infiniplex_forest_end_1,
          infiniplex_forest_lined_4_way, infiniplex_forest_split,
          infiniplex_forest_end_1, infiniplex_forest_lined_room_,
          minmay_tree_intersection
D:2:      layout_basic, yredelemnul_forgotten_temple_becter, first_ration,
          chequers_big_river, nicolae_tso_carved_into_rock, uniq_terence,
          uniq_jessica
D:3:      layout_basic, nicolae_overflow_crystal_walls, led_sif_book,
          kennysheep_generic_room_4
D:4:      layout_cave_pools, uniq_robin
D:5:      cheibrodos_iron_armory, layout_layer_cave, portal_sewer_entry_f,
          kennysheep_cluttered_room
D:6:      layout_basic, kennysheep_little_box, lemuel_round_altar,
          uniq_crazy_yiuf_cottage
D:7:      minmay_clustersquares, layout_basic, nicolae_qazlal_style_of_elements,
          minmay_temple_entry_glassed_door, gammafunk_ghost_berserking_beasts,
          kennysheep_generic_room_15
D:8:      layout_loops_cross, marbit_many_paths, gup_ossuary_entry_pyramid,
          grunt_ogre_cave, grunt_tough_drop
D:9:      layout_basic, overflow_temple_1_default,
          lemuel_coloured_pillars_altar, serial_shops, shop, basic_altar
D:10:     layout_loops_ring, serial_shops, shop, st_stairs_9, uniq_joseph,
          uniq_josephine
D:11:     layout_loops_ring, erik_lair_orcish_takeover, david_orc_4

Skill      XL: |  1  2  3  4  5  6  7  8  9 10 11 |
---------------+----------------------------------+-----
Stealth        | 3 4 5 6 8 10 11 12 | 12.7
Dodging        | 3 4 5 7 8 9 |  9.2
Spellcasting   | 3 4 5 6 7 8 |  8.4
Earth Magic    | 4 5 6 7 8 9 |  9.5
Transmutations | 2 4 |  4.6
Invocations    | 4 |  4.7

Action                   |  1- 3 |  4- 6 |  7- 9 | 10-12 || total
-------------------------+-------+-------+-------+-------++-------
Melee: Unarmed           |    35 |       |       |       ||    35
       Constrict         |    26 |    24 |    29 |    48 ||   127
       Tentacles         |    18 |    22 |    13 |    43 ||    96
       Short sword       |    93 |    28 |    96 |   284 ||   501
       Dagger            |       |    81 |    41 |       ||   122
Throw: Stone             |    20 |       |       |       ||    20
 Cast: Sandblast         |    14 |    46 |    82 |    86 ||   228
       Lee's Rapid Decon |       |       |     9 |    48 ||    57
       Stone Arrow       |       |       |     3 |     8 ||    11
       Petrify           |       |       |       |    32 ||    32
       Passwall          |       |       |       |     2 ||     2
Invok: Channel Magic     |       |       |       |     1 ||     1
  Use: Scroll            |       |     5 |     2 |    10 ||    17
       Potion            |       |       |    10 |     4 ||    14
 Stab: Sleeping          |    14 |     7 |    24 |    35 ||    80
       Invisible         |       |       |     3 |       ||     3
       Distracted        |       |       |     1 |       ||     1
       Petrified         |       |       |       |    38 ||    38
       Petrifying        |       |       |       |     1 ||     1
  Eat: Chunk             |     4 |     8 |    14 |     6 ||    32
       Ration            |       |     1 |     1 |     9 ||    11
Armor: Skin              |     9 |     6 |    15 |    38 ||    68
Dodge: Dodged            |    66 |    66 |   131 |   215 ||   478
Block: Other             |       |     4 |    36 |    51 ||    91
       Reflection        |       |       |     1 |     2 ||     3
